 Dungeon Crawl Stone Soup version 0.31.0-11-ge490571c62 (webtiles) character file.

Game seed: 9595013452298765745

339595 Yore the Slayer (level 22, -1/158 HPs)
             Began as a Gargoyle Fighter on Jan 27, 2024.
             Was a High Priest of the Shining One.
             Killed from afar by an ancient lich (87 damage)
             ... with a crystal spear
             ... on level 5 of the Vaults on Jan 28, 2024.
             The game lasted 01:19:23 (34035 turns).

Yore the Slayer (Gargoyle Fighter)                 Turns: 34035, Time: 01:19:23

Health: -1/158     AC: 47    Str: 17    XL:     22   Next: 30%
Magic:  14/37      EV: 14    Int: 11    God:    the Shining One [*****.]
Gold:   1034       SH: 14    Dex: 28    Spells: 21/21 levels left

rFire   + . .        I - +6 morningstar (protect)
rCold   . . .        M - +0 kite shield {AC+3}
rNeg    + + +        r - +8 scale mail of Fortification {+Inv Regen+ rCorr Str-2}
rPois   ∞            f - +0 helmet
rElec   +            a - +1 cloak of Zoybo {rN+ Dex+3}
rCorr   +            T - +1 pair of gloves {Dex+3}
SInv    .            p - +0 pair of boots
Will    +....        x - amulet of faith
Stlth   +            o - ring of protection from fire
HPRegen 1.26/turn    W - ring "Veghop" {+Blink rCorr Str-2 Dex+5}
MPRegen 0.25/turn

%: faith
@: marked, flying, slowed, glowing, studying 2 skills, very slow
A: sickness immunity, AC +16, big wings, negative energy resistance 1,
electricity resistance, torment resistance 1, petrification resistance
}: 1/15 runes: abyssal
a: Renounce Religion, Evoke Blink, Evoke Invisibility, Divine Shield, Cleansing
Flame, Summon Divine Warrior


You were on level 5 of the Vaults.
You worshipped the Shining One.
The Shining One was extremely pleased with you.
You visited 5 branches of the dungeon, and saw 30 of its levels.
You visited the Abyss 4 times.
You also visited: Bailey and Ice Cave.

You collected 4126 gold pieces.
You spent 3092 gold pieces at shops.

Inventory:

Hand Weapons
 I - a +6 morningstar of protection (weapon)
Missiles
 v - 5 throwing nets
 E - 14 javelins
 H - 30 boomerangs
Armour
 a - the +1 cloak of Zoybo (worn) {rN+ Dex+3}
   (You found it on level 1 of the Crypt)

   Dex+3:     It affects your dexterity (+3).
   rN+:       It protects you from negative energy.
 f - a +0 helmet (worn)
 g - a +2 tower shield
 p - a +0 pair of boots (worn)
 r - the +8 scale mail of Fortification (worn) {+Inv Regen+ rCorr Str-2}
   (You found it on level 10 of the Dungeon)

   Str-2:     It affects your strength (-2).
   +Inv:      It lets you turn invisible.
   Regen+:    It increases your rate of health regeneration.
   rCorr:     It protects you from acid and corrosion.
 M - a +0 kite shield of protection (worn)
 S - +0 gold dragon scales
 T - a +1 pair of gloves of dexterity (worn)
Jewellery
 o - a ring of protection from fire (left hand)
 x - an amulet of faith (around neck)
 z - a ring of ice
 G - a ring of protection from fire
 O - a ring of protection from fire
 W - the ring "Veghop" (right hand) {+Blink rCorr Str-2 Dex+5}
   (You found it on level 5 of the Lair of Beasts)

   [ring of resist corrosion]

   Str-2:     It affects your strength (-2).
   Dex+5:     It affects your dexterity (+5).
   +Blink:    It lets you blink.
   rCorr:     It protects you from acid and corrosion.
Wands
 c - a wand of digging (10)
 n - a wand of flame (25) (quivered)
 B - a wand of light (10)
 C - a wand of mindburst (15)
 J - a wand of roots (39)
 U - a wand of polymorph (4)
 X - a wand of charming (7)
Scrolls
 b - a scroll of brand weapon
 i - 4 scrolls of poison
 l - 8 scrolls of fog
 s - 4 scrolls of summoning
 u - 5 scrolls of teleportation
 w - 8 scrolls of blinking
 y - 12 scrolls of revelation
 K - 9 scrolls of enchant armour
 N - 8 scrolls of fear
 Q - 8 scrolls of enchant weapon
 R - 3 scrolls of silence
 Y - a scroll of vulnerability
Potions
 d - a potion of cancellation
 e - 13 potions of curing
 h - 11 potions of heal wounds
 j - 3 potions of resistance
 k - 3 potions of enlightenment
 m - 6 potions of mutation
 q - 2 potions of attraction
 A - 2 potions of lignification
 D - 6 potions of brilliance
 F - a potion of might
 P - 3 potions of berserk rage
 V - 5 potions of haste
 Z - a potion of ambrosia
Miscellaneous
 t - a box of beasts
 L - a lightning rod (4/4)


   Skills:
 * Level 22.5 Fighting
 + Level 17.7 Maces & Flails
 + Level 16.8 Armour
 + Level 6.3 Dodging
 - Level 10.0 Shields
 * Level 22.1 Invocations


You had 21 spell levels left.
You didn't know any spells.
Your spell library contained the following spells:

 Spells                   Type           Power      Damage    Failure   Level
 Apportation              Tloc           0%         N/A       86%         1
 Foxfire                  Conj/Fire      0%         2x1d4     86%         1
 Freeze                   Ice            0%         1d3       86%         1
 Necrotise                Necr           0%         1d4       86%         1
 Shock                    Conj/Air       0%         1d3       86%         1
 Sting                    Conj/Alch      0%         1d3       86%         1
 Summon Small Mammal      Summ           0%         N/A       86%         1
 Call Imp                 Summ           0%         N/A       94%         2
 Jinxbite                 Hex            0%         N/A       94%         2
 Lesser Beckoning         Tloc           0%         N/A       94%         2
 Mercury Vapours          Alch/Air       0%         N/A       94%         2
 Scorch                   Fire           0%         2d5       94%         2
 Call Canine Familiar     Summ           0%         N/A       99%         3
 Frozen Ramparts          Ice            0%         1d1       99%         3
 Gell's Gravitas          Tloc           0%         N/A       99%         3
 Hailstorm                Conj/Ice       0%         3d5       99%         3
 Inner Flame              Hex/Fire       0%         N/A       99%         3
 Sigil of Binding         Hex            0%         N/A       99%         3
 Stone Arrow              Conj/Erth      0%         3d7       99%         3
 Swiftness                Air            0%         N/A       99%         3
 Teleport Other           Tloc           0%         N/A       99%         3
 Tukima's Dance           Hex            0%         N/A       99%         3
 Airstrike                Air            0%         2d(0-16)  100%        4
 Animate Armour           Summ/Erth      0%         N/A       100%        4
 Dimensional Bullseye     Hex/Tloc       0%         N/A       100%        4
 Flame Wave               Conj/Fire      0%         2d4       100%        4
 Ignite Poison            Fire/Alch      0%         N/A       100%        4
 Iskenderun's Mystic Bla  Conj/Tloc      0%         2d3       100%        4
 Olgreb's Toxic Radiance  Alch           0%         N/A       100%        4
 Sticky Flame             Fire/Alch      0%         2d4       100%        4
 Summon Blazeheart Golem  Fire/Summ      0%         N/A       100%        4
 Summon Lightning Spire   Summ/Air       0%         N/A       100%        4
 Alistair's Intoxication  Alch           0%         N/A       100%        5
 Fireball                 Conj/Fire      0%         3d3       100%        5
 Freezing Cloud           Conj/Ice/Air   0%         6-21      100%        5
 Iskenderun's Battlesphe  Conj           0%         2d6       100%        5
 Lee's Rapid Deconstruct  Erth           0%         3d4*      100%        5
 Bombard                  Conj/Erth      0%         9d1       100%        6
 Plasma Beam              Fire/Air       0%         2x1d10    100%        6
 Starburst                Conj/Fire      0%         6d3       100%        6
 Summon Cactus Giant      Summ           0%         N/A       100%        6
 Ozocubu's Refrigeration  Ice            0%         4d7       100%        7
 Spellforged Servitor     Conj/Summ      0%         N/A       100%        7
 Summon Hydra             Summ           0%         N/A       100%        7
 Discord                  Hex            0%         N/A       100%        8
 Lehudib's Crystal Spear  Conj/Erth      0%         10d2      100%        8
 Fire Storm               Conj/Fire      0%         5d1       100%        9
 Cigotuvi's Dreadful Rot  Necr/Alch/Air  Unusable   N/A       N/A         2
 Sublimation of Blood     Necr           Unusable   N/A       N/A         2

Dungeon Overview and Level Annotations

Branches:
Dungeon (15/15)            Temple (0/1) D:5            Lair (5/5) D:9
  Swamp (0/4) Lair:3        Snake (0/4) Lair:3        Slime (0/5) Lair:5
    Orc (2/2) D:11            Elf (0/3) Orc:2        Vaults (5/5) D:14
  Crypt (3/3) Vaults:2       Tomb (0/3) Crypt:3      Depths (0/4) D:15
 Bailey (visited)           IceCv (visited)

Altars:
Cheibriados
Gozag
Hepliaklqana
Okawaru
Sif Muna
Uskayaw
Wu Jian
Xom
Yredelemnul
The Shining One
Jiyva

Shops:
D:2 [   Orc:2 **[=   Vaults:1 ?   Vaults:3 **=!   Vaults:4 [*   Vaults:5 =


Innate Abilities, Weirdness & Mutations

You are immune to sickness and miasma.
Your stone body is resilient. (AC +16)
You are immune to poison.
Your large and strong wings let you fly.
You resist negative energy. (rN+)
You are resistant to electric shocks. (rElec)
You are resistant to unholy torment.
You are immune to petrification.


Message History

The ancient lich misses you.
The deep elf demonologist mumbles some strange words.
The yaktaur shoots a bolt.
You block the bolt.
Your daeva hits the ancient lich with a +4 long sword of holy wrath!!
The ancient lich convulses.
Your daeva hits the ancient lich but does no damage.
The deep elf annihilator gestures wildly while chanting.
The deep elf annihilator blinks!
You block the ancient lich's attack.
The vault warden throws an atropa-tipped dart.
The atropa-tipped dart hits you!
You are unaffected.
The deep elf demonologist mumbles some strange words.
Send 'em back where they came from!
The Shining One protects your fellow warrior from evil magic!
Unknown command.
Activating: Cleansing Flame (0% risk of failure)
Press: ? - help, Dir - look around, f - activate The golden flame engulfs you but does no damage.
You resist.
The golden flame engulfs the deep elf annihilator!!!
You kill the deep elf annihilator!
The golden flame engulfs the ancient lich!!
The ancient lich writhes in agony!
The ancient lich is severely damaged.
The golden flame engulfs your daeva.
Your daeva completely resists.
Your daeva is moderately wounded.
The golden flame engulfs the Brimstone Fiend!!!
The Brimstone Fiend writhes in agony!
The Brimstone Fiend is moderately wounded.
The ancient lich touches you but does no damage.
The yaktaur shoots a bolt.
The bolt hits you but does no damage.
Your daeva barely misses the ancient lich.
Your daeva hits the ancient lich with a +4 long sword of holy wrath.
The ancient lich convulses.
A hell knight comes into view.
It is wielding a +1 great sword of pain and wearing a +1 plate armour of poison resistance.
The deep elf pyromancer casts a spell.
The ancient lich points at you and mumbles some strange words.
The crystal spear hits you!!!!
Ouch! That really hurt!
You die...

#....# ....# #C...# #....
.. # #....# #4C.# ... #.
#....# #....# #..
###..#....##E3e... #..
.....#....#eE..... p..
........A....# C.#
####.G...L1)########
......p<<@).p.......
......<..<).........
.......<<.).........
....................
####........)############
p..........c...........
##..#.......##..........
##.#....#.#####........ #
#....#.# #.###....


You could see an ancient lich (fast, ally target), a frost giant, a Brimstone
Fiend (summoned), a fire giant, 2 vault wardens, a hell knight, a glowing orange
brain, a deep elf demonologist, an orange demon (summoned), a yaktaur, a deep
elf pyromancer, 2 fire elementals, a ynoxinul (summoned) and a friendly daeva
(summoned).

Vanquished Creatures
  Frederick (Crypt:1)
  A curse toe (Crypt:3)
  A golden dragon (Vaults:5)
  Jory (Crypt:1)
  A bone dragon (Crypt:3)
  3 titans (Vaults:5)
  A quicksilver dragon (Vaults:4)
  6 ancient champions
  5 sphinxes
  A tentacled starspawn (Abyss:3)
  Gastronok (Lair:1)
  2 shadow dragons (Vaults:4)
  A storm dragon (Vaults:4)
  3 tengu reavers
  2 revenants (Crypt:2)
  A frost giant (Vaults:5)
  12 vault wardens
  4 ghouls
  13 ironbound preservers
  A reaper (Lair:5)
  4 curse skulls (Crypt:1)
  An orc warlord (Bailey)
  A stone giant (Vaults:5)
  A caustic shrike skeleton (Crypt:3)
  4 very ugly things
  3 vampire knights
  4 deep elf death magi
  6 ironbound thunderhulks
  2 deep elf demonologists
  A deep elf annihilator (Vaults:5)
  3 war gargoyles
  2 ettins (Vaults:4)
  A crystal guardian (Vaults:4)
  A fire dragon (Lair:5)
  3 eidola
  9 jiangshi
  A green death (Abyss:3)
  Josephine (Orc:2)
  11 yaktaur captains
  4 entropy weavers
  6 great orbs of eyes
  Fannar (Lair:3)
  28 vault guards
  A fenstrider witch zombie (Crypt:1)
  4 ghost crabs (D:14)
  An ogre mage (Vaults:3)
  An ice dragon (Lair:5)
  5 hydras
  A peacekeeper (Vaults:4)
  10 centaur warriors
  4 ironbound frosthearts
  3 death knights
  A spriggan skeleton (Crypt:1)
  8 two-headed ogres
  8 boulder beetles
  2 thrashing horrors (Abyss:3)
  A deep troll earth mage (Vaults:3)
  Sonja (D:13)
  A hell knight (Vaults:4)
  3 vampire magi
  5 orc high priests (Orc:2)
  A soul eater (Crypt:1)
  2 skysharks
  5 fire crabs (D:14)
  A tyrant leech (shapeshifter) (Vaults:4)
  A titan skeleton (Crypt:3)
  24 skeletal warriors
  2 glowing orange brains (Abyss:3)
  7 arcanists
  A swamp dragon (Lair:5)
  13 deep trolls
  A bunyip skeleton (Crypt:3)
  2 flayed ghosts (Abyss:3)
  A bog body (Lair:3)
  2 necromancers
  8 ironbound convokers
  7 phantasmal warriors
  An anaconda skeleton (Crypt:3)
  A goliath frog zombie (Crypt:2)
  An orc sorcerer (Orc:1)
  13 orc knights
  6 large abominations
  9 lindwurms
  An iron dragon zombie (Crypt:2)
  15 ugly things
  2 deep elf pyromancers
  15 elephants
  2 manticores (D:11)
  Maurice (D:9)
  9 cyclopes
  2 ice statues (IceCv)
  An eleionoma zombie (Crypt:3)
  A kobold blastminer (Orc:1)
  A toenail golem (Abyss:2)
  10 vault sentinels
  A stone giant skeleton (Crypt:1)
  10 black mambas
  A mana viper zombie (Crypt:2)
  An apocalypse crab (D:14)
  A gargoyle (D:12)
  3 torpor snails (Lair:5)
  10 cane toads
  A kobold demonologist (D:11)
  3 freezing wraiths
  An unseen horror zombie (Crypt:1)
  3 unseen horrors
  17 yaktaurs
  4 rime drakes
  An efreet (D:11)
  A purple draconian zombie (Crypt:1)
  6 ice devils (IceCv)
  A yaktaur (shapeshifter) (D:13)
  A tengu conjurer (D:15)
  12 komodo dragons
  A sea snake skeleton (Crypt:3)
  A harpy zombie (Crypt:2)
  2 ancient zymes
  A silent spectre (Abyss:3)
  5 hornets
  A tarantella (Vaults:2)
  8 trolls
  A polar bear (Lair:3)
  3 tyrant leeches (Lair:5)
  A glass eye (Abyss:3)
  A raiju (shapeshifter) (D:11)
  6 dream sheep
  2 dream sheep (shapeshifter)
  4 blink frogs (Lair:5)
  18 slime creatures
  A fire dragon skeleton (Crypt:3)
  A satyr skeleton (Crypt:1)
  A vampire (D:13)
  42 yaks
  16 wraiths
  A dire elephant simulacrum (IceCv)
  4 shadows
  A ynoxinul (Abyss:3)
  A human (Lair:5)
  A black mamba skeleton (Crypt:3)
  2 wyverns
  A tyrant leech zombie (Crypt:2)
  7 basilisks
  6 steam dragons
  4 vampire mosquitoes
  A redback (shapeshifter) (Vaults:4)
  2 wargs (Orc:1)
  Edmund (D:5)
  A two-headed ogre zombie (D:11)
  A faun zombie (Crypt:3)
  5 acid dragons
  A harpy simulacrum (IceCv)
  19 water moccasins
  A swamp worm (shapeshifter) (Vaults:4)
  2 ice beasts
  A cane toad skeleton (Crypt:1)
  52 orc warriors
  A water nymph skeleton (Crypt:2)
  14 laughing skulls
  8 small abominations
  15 wolves
  11 ogres
  8 boggarts
  2 sky beasts (D:8)
  A torpor snail zombie (Crypt:2)
  A blink frog zombie (Crypt:3)
  17 centaurs
  A vine stalker zombie (Crypt:2)
  A phantom (D:11)
  4 kobold brigands
  10 bullfrogs
  A cane toad simulacrum (IceCv)
  A gnoll sergeant (D:8)
  2 scorpions
  4 necrophages
  2 two-headed ogre simulacra (IceCv)
  A wyvern skeleton (Crypt:2)
  28 wights
  A queen bee zombie (Crypt:1)
  3 elephant simulacra (IceCv)
  4 troll zombies (D:11)
  5 killer bees (D:8)
  5 electric eels
  3 howler monkeys
  7 hounds
  20 orc priests
  A bombardier beetle (D:6)
  3 jellies
  A jelly (shapeshifter) (D:14)
  2 sleepcaps (D:6)
  3 gnoll boudas
  Natasha (D:3)
  6 iguanas
  24 orc wizards
  3 spriggan simulacra
  A troll simulacrum (IceCv)
  A killer bee zombie (Crypt:1)
  3 ogre zombies (D:11)
  Robin (D:2)
  22 gnolls
  A river rat (D:5)
  7 adders
  2 naga simulacra (IceCv)
  A shadow imp (D:7)
  4 white imps
  4 ufetubi
  6 dart slugs
  4 ribbon worms
  76 orcs
  12 ball pythons
  6 bats
  8 endoplasms
  3 giant cockroaches
  3 gnoll zombies (D:11)
  32 goblins
  21 hobgoblins
  14 jackals
  6 quokkas
  A ball python skeleton (Crypt:2)
  A ball python zombie (Crypt:3)
  2 frilled lizards
  5 gnoll skeletons (D:11)
  16 kobolds
  3 orc skeletons (D:11)
  14 orc zombies (D:11)
  A quokka zombie (Crypt:1)
  14 rats
  2 starspawn tentacles (Abyss:3)
1219 creatures vanquished.

Vanquished Creatures (collateral kills)
  A dread lich (Crypt:3)
  Saint Roka (Orc:2)
  A golden dragon (Vaults:5)
  Jorgrun (D:15)
  A revenant (Crypt:3)
  2 storm dragons
  A fire giant (Vaults:5)
  A frost giant (Vaults:4)
  2 vault wardens
  2 orc warlords
  A reaper (IceCv)
  A ghoul (Crypt:3)
  An ironbound thunderhulk (Vaults:1)
  A deep elf annihilator (Vaults:3)
  2 vampire knights (Crypt:1)
  A dire elephant (D:15)
  5 ettins (Abyss:3)
  A jiangshi (Crypt:3)
  Snorg (Orc:1)
  A fire dragon (D:11)
  2 yaktaur captains
  A hydra (D:15)
  2 ogre magi (Vaults:3)
  A catoblepas (Lair:5)
  2 vault guards (Vaults:4)
  An ironbound frostheart (Vaults:3)
  A deep troll earth mage (Vaults:3)
  A dancing weapon (Abyss:3)
  A vampire mage (Crypt:3)
  A skyshark (Lair:5)
  A shadow wraith (Abyss:3)
  2 skeletal warriors
  A flayed ghost (Crypt:3)
  A deep troll (Vaults:3)
  A wolf spider zombie (Crypt:3)
  An arcanist (Vaults:4)
  A phantasmal warrior (Vaults:2)
  3 ironbound convokers
  3 orc knights
  2 lindwurms (Lair:5)
  A wolf spider (D:15)
  A necromancer (Vaults:3)
  An orc sorcerer (Orc:2)
  A salamander (D:15)
  4 elephants (Lair:5)
  A black mamba (Lair:5)
  3 vault sentinels
  2 torpor snails (Lair:5)
  2 cane toads (Lair:5)
  A hellion (Abyss:2)
  3 yaktaurs
  A komodo dragon (Lair:5)
  A freezing wraith (Vaults:5)
  2 trolls (Orc:2)
  5 hornets (Lair:5)
  3 dream sheep (Lair:5)
  4 slime creatures
  A centaur simulacrum (D:15)
  A yak (Lair:5)
  2 wargs (Orc:2)
  A death yak simulacrum (IceCv)
  4 water moccasins
  8 orc warriors (Orc:2)
  A water nymph skeleton (Crypt:3)
  A boggart (Vaults:1)
  A necrophage (Crypt:3)
  A cane toad simulacrum (IceCv)
  An elephant simulacrum (IceCv)
  A jelly (Lair:5)
  9 orc priests (Orc:2)
  A polar bear simulacrum (IceCv)
  A white imp (IceCv)
  An ufetubus (IceCv)
  14 orcs
142 creatures vanquished.

Vanquished Creatures (others)
  An entropy weaver (D:14)
  A skeletal warrior (Crypt:1)
  A shadow (D:11)
  A yak (D:11)
  An orc priest (D:10)
  An orc wizard (Orc:1)
  A goblin (D:2)
  A starspawn tentacle (Abyss:3)
8 creatures vanquished.

Grand Total: 1369 creatures vanquished

Notes
Turn   | Place    | Note
-------+----------+-------------------------------------------
     0 | D:1      | Yore the Gargoyle Fighter began the quest for the Orb.
     0 | D:1      | Reached XP level 1. HP: 14/14 MP: 1/1
    23 | D:1      | Reached XP level 2. HP: 13/19 MP: 2/2
   202 | D:1      | Reached XP level 3. HP: 24/24 MP: 3/3
   647 | D:2      | Found Yzi Dip's Antique Armour Shoppe.
   659 | D:2      | Reached XP level 4. HP: 24/29 MP: 4/4
  1110 | D:2      | Noticed Robin
  1134 | D:2      | Killed Robin
  1234 | D:2      | Reached XP level 5. HP: 33/33 MP: 5/5
  1504 | D:3      | Found a glowing golden altar of the Shining One.
  1504 | D:3      | Found a shimmering altar of Xom.
  1509 | D:3      | Became a worshipper of the Shining One
  1518 | D:3      | Found a faded altar of an unknown god.
  1931 | D:3      | Reached skill level 1 in Invocations
  2408 | D:3      | Noticed Natasha
  2417 | D:3      | Killed Natasha
  2718 | D:4      | Reached XP level 6. HP: 36/40 MP: 7/7
  2851 | D:4      | Found a hide-covered altar of Uskayaw.
  2851 | D:4      | Found an opulent altar of Gozag.
  2852 | D:4      | Found a hazy altar of Hepliaklqana.
  2937 | D:4      | Reached skill level 5 in Fighting
  3408 | D:5      | Entered Level 5 of the Dungeon
  3408 | D:5      | Found a staircase to the Ecumenical Temple.
  3437 | D:5      | Noticed a water moccasin
  3448 | D:5      | Killed a water moccasin
  3449 | D:5      | Reached XP level 7. HP: 40/44 MP: 7/9
  3559 | D:5      | Noticed Edmund
  3581 | D:5      | Killed Edmund
  3724 | D:5      | Reached * piety under the Shining One
  3905 | D:5      | Reached skill level 5 in Maces & Flails
  4153 | D:5      | Reached XP level 8. HP: 51/51 MP: 10/10
  4279 | D:6      | Reached skill level 5 in Armour
  4558 | D:2      | Bought a polished scale mail for 216 gold pieces
  4558 | D:2      | Identified the +4 scale mail of the Guilds {rC+ Regen+
                  | Slay-5} (You bought it in a shop on level 2 of the Dungeon)
  5054 | D:6      | Found an ornate altar of the Wu Jian Council.
  5097 | D:6      | Found a snail-covered altar of Cheibriados.
  5529 | D:6      | Reached skill level 5 in Invocations
  5801 | D:7      | Reached ** piety under the Shining One
  5843 | D:7      | Reached XP level 9. HP: 53/57 MP: 13/13
  6890 | D:8      | Noticed a hornet
  6900 | D:8      | Killed a hornet
  6957 | D:8      | Found a shimmering blue altar of Sif Muna.
  7036 | D:8      | Reached XP level 10. HP: 61/65 MP: 15/15
  7094 | D:8      | Noticed a boulder beetle
  7094 | D:8      | Reached *** piety under the Shining One
  7282 | D:8      | Noticed a cyclops
  7284 | D:8      | Noticed a two-headed ogre
  7293 | D:8      | Killed a two-headed ogre
  7404 | D:8      | Killed a cyclops
  7472 | D:8      | Noticed a boulder beetle
  7511 | D:8      | Killed a boulder beetle
  7652 | D:8      | Identified the +3 leather armour "Huchut" {rElec}
  7784 | D:8      | Killed a boulder beetle
  7785 | D:8      | Reached skill level 10 in Fighting
  8210 | D:9      | Identified the ring of Haucul {rN+ SInv}
  8214 | D:9      | Noticed a cyan ugly thing
  8229 | D:9      | Killed a cyan ugly thing
  8292 | D:9      | Noticed Maurice
  8310 | D:9      | Maurice stole a ring of ice
  8315 | D:9      | Maurice stole 3 boomerangs
  8325 | D:9      | Maurice stole 286 gold
  8335 | D:9      | Killed Maurice
  8336 | D:9      | Reached XP level 11. HP: 73/73 MP: 14/17
  8509 | D:9      | Found a staircase to the Lair.
  8750 | D:2      | Bought a translucent tower shield for 228 gold pieces
  8750 | D:2      | Identified the +1 tower shield "Lickaf Baesch" {+Blink Fly}
                  | (You bought it in a shop on level 2 of the Dungeon)
  8924 | Lair:1   | Entered Level 1 of the Lair of Beasts
  9431 | D:10     | Entered Level 10 of the Dungeon
  9502 | D:10     | Identified the +8 scale mail of Fortification {+Inv Regen+
                  | rCorr Str-2}
  9544 | D:10     | Found a flagged portal.
  9554 | Bailey   | Entered a bailey
  9712 | Bailey   | Noticed an orc knight
  9732 | Bailey   | Killed an orc knight
  9733 | Bailey   | Reached skill level 10 in Invocations
  9801 | Bailey   | Noticed an orc warlord
  9818 | Bailey   | Killed an orc warlord
  9819 | Bailey   | Reached skill level 10 in Maces & Flails
 10437 | D:11     | Reached XP level 12. HP: 80/80 MP: 19/19
 10457 | D:11     | Reached **** piety under the Shining One
 10729 | D:11     | Identified the +2 robe of Fehego Kola {rC++ Stlth+}
 10731 | D:11     | Identified the +2 orcbow of Regicide {freeze, rElec Dex+3}
 10801 | D:11     | Noticed a boulder beetle
 10849 | D:11     | Killed a boulder beetle
 11057 | D:11     | Noticed a death knight
 11090 | D:11     | Killed a death knight
 11148 | D:11     | Reached ***** piety under the Shining One
 11204 | D:11     | Found a staircase to the Orcish Mines.
 11206 | D:11     | Noticed a two-headed ogre
 11225 | D:11     | Killed a two-headed ogre
 11269 | D:11     | Reached ****** piety under the Shining One
 11525 | D:11     | Noticed a two-headed ogre
 11529 | D:11     | Killed a two-headed ogre
 11552 | D:11     | Reached XP level 13. HP: 64/88 MP: 22/22
 11621 | D:11     | Reached skill level 10 in Armour
 11627 | D:11     | Noticed a fire dragon
 11631 | D:11     | Noticed a storm dragon
 11642 | D:11     | Killed a storm dragon
 11647 | D:11     | Killed a fire dragon
 11796 | D:11     | Noticed a war gargoyle
 11810 | D:11     | Killed a war gargoyle
 12102 | D:12     | Found a frozen archway.
 12111 | IceCv    | Entered an ice cave
 12410 | IceCv    | Noticed a reaper
 12418 | IceCv    | Killed a reaper
 12568 | D:12     | Acquired a manual of Dodging
 12771 | D:12     | Reached skill level 1 in Dodging
 13062 | D:12     | Gained mutation: Your large and strong wings let you fly.
                  | [Gargoyle growth]
 13062 | D:12     | Reached XP level 14. HP: 76/96 MP: 24/24
 13542 | D:13     | Noticed Sonja
 13553 | D:13     | Killed Sonja
 14033 | D:2      | Bought a pair of embroidered gloves for 180 gold pieces
 14678 | Lair:1   | Noticed Gastronok
 14695 | Lair:1   | Killed Gastronok
 15708 | Lair:3   | Reached skill level 15 in Fighting
 15744 | Lair:3   | Found a staircase to the Swamp.
 15970 | Lair:3   | Noticed Fannar
 15977 | Lair:3   | Killed Fannar
 16119 | Lair:3   | Found a staircase to the Snake Pit.
 16775 | Lair:4   | Reached XP level 15. HP: 93/103 MP: 15/26
 17223 | Lair:5   | Entered Level 5 of the Lair of Beasts
 17223 | Lair:5   | Found a staircase to the Slime Pits.
 17234 | Lair:5   | Reached skill level 5 in Dodging
 17290 | Lair:5   | Found a viscous altar of Jiyva.
 17304 | Lair:5   | Reached skill level 15 in Invocations
 17344 | Lair:5   | Reached skill level 5 in Shields
 18079 | Lair:5   | Identified the ring "Veghop" {+Blink rCorr Str-2 Dex+5}
 18683 | Lair:5   | Found a runed translucent door.
 19381 | D:14     | Found a gate to the Vaults.
 19717 | D:14     | Identified the +5 leather armour "Veti" {*Corrode rF++}
 19833 | D:14     | Found an iron altar of Okawaru.
 19847 | D:14     | Found a runed translucent door.
 20195 | D:14     | Reached XP level 16. HP: 108/111 MP: 27/27
 20488 | D:14     | Identified the amulet "Luzos" {+Inv Regen+}
 20489 | D:14     | Identified the +3 ring mail of Tosupp {rC+}
 20559 | D:15     | Entered Level 15 of the Dungeon
 20725 | D:15     | Noticed Jorgrun
 20733 | D:15     | Killed Jorgrun
 20976 | D:15     | Found a staircase to the Depths.
 20980 | D:15     | Reached XP level 17. HP: 117/117 MP: 29/29
 20981 | D:15     | Reached skill level 15 in Maces & Flails
 20981 | D:15     | Reached XP level 18. HP: 124/124 MP: 30/30
 21371 | Orc:1    | Entered Level 1 of the Orcish Mines
 21548 | Orc:2    | Entered Level 2 of the Orcish Mines
 21555 | Orc:2    | Noticed Josephine
 21571 | Orc:2    | Killed Josephine
 21582 | Orc:2    | Noticed Saint Roka
 21816 | Orc:2    | Killed Saint Roka
 21911 | Orc:2    | Found a staircase to the Elven Halls.
 22240 | Orc:2    | Found Melanuj's Jewellery Emporium.
 22240 | Orc:2    | Found Donas's Assorted Antiques.
 22240 | Orc:2    | Found Niwog's Armour Shoppe.
 22240 | Orc:2    | Found Masmihy's Assorted Antiques.
 22526 | Orc:2    | Bought a scroll of teleportation for 75 gold pieces
 22526 | Orc:2    | Bought a scroll labelled VEISKO XOXTUTT for 25 gold pieces
 22526 | Orc:2    | Bought a lumpy dark potion for 22 gold pieces
 22527 | Orc:2    | Bought a scroll labelled GEOLEEHOLE for 22 gold pieces
 22527 | Orc:2    | Bought a scroll of teleportation for 66 gold pieces
 22527 | Orc:2    | Bought a wand of mindburst (9) for 277 gold pieces
 22527 | Orc:2    | Bought a scroll labelled OQYCEFEJYU for 22 gold pieces
 22701 | Orc:1    | Noticed Snorg
 22713 | Orc:1    | Killed Snorg
 23070 | Vaults:1 | Entered Level 1 of the Vaults
 23840 | Vaults:1 | Reached XP level 19. HP: 90/131 MP: 25/31
 23950 | Vaults:1 | Found Yblougedgh's Magic Scroll Boutique.
 23959 | Vaults:1 | Bought a scroll of enchant armour for 150 gold pieces
 23959 | Vaults:1 | Bought a scroll of fog for 80 gold pieces
 23959 | Vaults:1 | Bought a scroll of blinking for 150 gold pieces
 23959 | Vaults:1 | Bought a scroll of fear for 80 gold pieces
 23959 | Vaults:1 | Bought a scroll of fear for 80 gold pieces
 25802 | Vaults:2 | Found a staircase to the Crypt.
 26355 | Vaults:3 | Identified the death talisman "Voujekh" {rC+ Str+5 Int-5
                  | Stlth+}
 26737 | Vaults:3 | Got the Discursus on Pyromania
 26804 | Vaults:3 | Found Gewuc's General Store.
 26863 | Vaults:3 | Bought a scroll of identify for 34 gold pieces
 26876 | Vaults:3 | Found Narchu's Assorted Antiques.
 26886 | Vaults:3 | Bought a scroll of identify for 82 gold pieces
 26886 | Vaults:3 | Bought a scroll labelled QOGGUV FYCAUXT for 41 gold pieces
 26886 | Vaults:3 | Bought a potion of haste for 410 gold pieces
 27151 | Vaults:3 | Found Kunuved's Distillery.
 27154 | Vaults:3 | Bought a potion of haste for 160 gold pieces
 27154 | Vaults:3 | Bought a potion of heal wounds for 80 gold pieces
 27180 | Crypt:1  | Entered Level 1 of the Crypt
 27214 | Crypt:1  | Reached skill level 10 in Shields
 27352 | Crypt:1  | Found a basalt altar of Yredelemnul.
 27473 | Crypt:1  | Reached XP level 20. HP: 140/140 MP: 9/33
 27676 | Crypt:1  | Identified the orb of Noughts and Crosses {light, rF+ MP-9
                  | Str+3 Summ}
 27676 | Crypt:1  | Noticed Frederick
 27676 | Crypt:1  | Paralysed by a vampire knight for 5 turns
 27701 | Crypt:1  | Killed Frederick
 27909 | Crypt:1  | Identified the +1 cloak of Zoybo {rN+ Dex+3}
 28294 | Crypt:2  | Noticed Jory
 28299 | Crypt:2  | Reached skill level 15 in Armour
 28316 | Crypt:1  | Killed Jory
 28432 | Crypt:2  | Identified the +2 falchion of the Holding Gods {drain,
                  | rPois MP-9 Int+2}
 28716 | Crypt:2  | Identified the +4 long sword "Oreoha" {heavy, rElec rCorr}
 29033 | Crypt:3  | Entered Level 3 of the Crypt
 29069 | Crypt:3  | Noticed a dread lich
 29079 | Crypt:3  | Killed a dread lich
 29083 | Crypt:3  | Paralysed by a vampire knight for 2 turns
 29085 | Crypt:3  | Found a staircase to the Tomb.
 29206 | Crypt:2  | Found a basalt altar of Yredelemnul.
 29877 | Vaults:3 | Found Uxyr's Jewellery Boutique.
 30084 | Vaults:4 | Reached XP level 21. HP: 111/148 MP: 19/35
 30721 | Vaults:4 | Found Burch's Assorted Antiques.
 30757 | Vaults:4 | Bought a scroll of identify for 70 gold pieces
 30757 | Vaults:4 | Bought a scroll of enchant armour for 262 gold pieces
 30757 | Vaults:4 | Bought a potion of mutation for 280 gold pieces
 30932 | Vaults:4 | Found Izxov's Armour Shoppe.
 31208 | Vaults:5 | Entered Level 5 of the Vaults
 31625 | Abyss:2  | Cast into level 2 of the Abyss (a deep elf demonologist)
 31892 | Abyss:3  | Got an abyssal rune of Zot
 31922 | Vaults:5 | Escaped the Abyss
 31994 | Abyss:3  | Cast into level 3 of the Abyss (a deep elf demonologist)
 32010 | Vaults:5 | Escaped the Abyss
 32163 | Abyss:3  | Cast into level 3 of the Abyss (a deep elf demonologist)
 32176 | Abyss:3  | Found a corrupted altar of Lugonu.
 32205 | Vaults:4 | Escaped the Abyss
 32217 | Vaults:5 | Noticed a golden dragon
 32221 | Vaults:5 | Noticed a golden dragon
 32267 | Vaults:5 | Killed a golden dragon
 32415 | Vaults:5 | Killed a golden dragon
 32449 | Vaults:5 | Identified the +5 short sword of Hard Scrabble {heavy, rF+
                  | Dex+2}
 32514 | Vaults:5 | Identified the +9 war axe "Dohotu Gigg" {freeze, *Noise
                  | Dex+5}
 32523 | Vaults:5 | Noticed an ancient lich
 32523 | Vaults:5 | Identified the +6 broad axe "Qala" {speed, Str+5}
 32523 | Vaults:5 | Identified the +5 orcbow of Yredelemnul's Approval
                  | {antimagic, ^Contam Will- Dex+9}
 32523 | Vaults:5 | Identified the ring of the Worm {+Blink rC+ rN+}
 32526 | Vaults:5 | Found Saleg's Jewellery Shop.
 33078 | Crypt:3  | Reached XP level 22. HP: 148/156 MP: 36/36
 33556 | Crypt:3  | Noticed a curse toe
 33568 | Crypt:3  | Killed a curse toe
 33867 | Abyss:3  | Cast into level 3 of the Abyss (a deep elf demonologist)
 33868 | Abyss:3  | Found a corrupted altar of Lugonu.
 33887 | Vaults:5 | Escaped the Abyss
 34010 | Vaults:5 | Identified the +4 quarterstaff of Hubris {vamp, rElec rF+
                  | rC++ Int-3}
 34035 | Vaults:5 | Killed from afar by an ancient lich

Illustrated notes

Levels and vault maps discovered:
D:1:      lightli_arrival_noodles, layout_rooms
D:2:      layout_loops_cross, serial_shops, nicolae_square_shop, uniq_robin
D:3:      minmay_skewed_foursquare, layout_basic,
          chequers_temple_overflow_statue_of_worship, basic_ecumenical_altar,
          uniq_natasha
D:4:      layout_basic, gammafunk_temple_overflow_claw
D:5:      layout_rooms, minmay_temple_entry_arrows, portal_sewer_entry_e,
          uniq_edmund
D:6:      layout_basic, nicolae_wu_jian_wuxing_cycle, kennysheep_slug_shrine
D:7:      layout_gridville
D:8:      minmay_chambers_of_sixes, layout_loops_ring, lemuel_crystal_altar,
          grunt_ministairs_5, kennysheep_nondescript, minmay_manual_mail
D:9:      layout_loops_ring, erik_lair_island, uniq_maurice
D:10:     layout_cross, enter_bailey_6
D:11:     nzn_winding_woodlands_stair_cross [nzn_winding_woodlands_5x15_garden,
          nzn_winding_woodlands_center_garden,
          nzn_winding_woodlands_5x15_zeroes, nzn_winding_woodlands_5x5_three,
          nzn_winding_woodlands_5x5_closed_star,
          nzn_winding_woodlands_5x15_crooked,
          nzn_winding_woodlands_center_pierced_h,
          nzn_winding_woodlands_5x15_concentric], layout_loops_ring,
          zombieorc2_lemuel, laboratory
D:12:     layout_long_grid, portal_ice_cave_entry_pillars_2,
          gauntlet_entry_generic
D:13:     layout_loops_ring, uniq_sonja
D:14:     gammafunk_mikee_crab_dinner, layout_long_grid,
          hellmonk_vaults_attempted_burglary, okawaru_ov_weapons_minmay
D:15:     hangedman_depths_entry_try_elsewhere_first, layout_gridville,
          amcnicky_mini_pool_small, uniq_jorgrun
Lair:1:   layout_gridlike, infiniplex_staircase_pool, uniq_gastronok
Lair:2:   layout_concentric_octagons, lemuel_fruit_tree,
          infiniplex_staircase_pool_2
Lair:3:   layout_misc_corridors, nicolae_swamp_entry_splash_gauntlet,
          minmay_snake_entry_six_corridors, uniq_fannar
Lair:4:   layout_gridlike
Lair:5:   guppyfry_lair_end_dragon, layout_regular_city, wormcave,
          nicolae_slime_entry_field_trip, hangedman_lair_unloving_vines,
          pdpol_lair_cabin_in_the_woods
Orc:1:    layout_diamond_mine, uniq_snorg
Orc:2:    st_orc_pillars, layout_diamond_mine, uniq_josephine, uniq_saint_roka
Vaults:1: v_misc_4, nicolae_vaults_double_plus_3,
          nicolae_vaults_diagonal_hallway_7,
          nicolae_vaults_offset_grid_hallway_2,
          nicolae_vaults_trapezoid_lopsided_4, dpeg_vaults_monster_box,
          layout_vaults_omnigrid, serial_shops, shop
Vaults:2: nicolae_vaults_steering_wheel, nicolae_vaults_disjoint_gnomons,
          nicolae_vaults_puzzle_piece, minmay_crypt_entry_simple_corners,
          hangedman_vaults_slither, nicolae_vaults_meiosis,
          vaults_room_door_hall, vaults_room_door_ring,
          nicolae_vaults_tetromino_Z_1, nicolae_vaults_two_Ls,
          nicolae_vaults_offset_grid_hallway_1, vaults_room_hallway,
          vaults_dpeg_cross, vaults_room_door_ring,
          nicolae_vaults_little_squares_3, vaults_dpeg_ring,
          layout_vaults_big_cross
Vaults:3: vaults_standard_mumra_lines, nicolae_vaults_sealed_display,
          serial_library_regret_index_small_wings,
          nicolae_vaults_library_corner, nicolae_vaults_sightless_eye,
          v_misc_22, nicolae_vaults_storage_closets_2,
          nicolae_vaults_lightning_bolt, hangedman_vaults_snaps,
          nicolae_vaults_little_squares_4, nicolae_vaults_trapezoid_layered,
          nicolae_vaults_six-pack, layout_vaults_ring, serial_shops,
          nicolae_shop_temple_entry_statues_fountains, shop,
          nicolae_shop_tiny_real_fake_doors, nicolae_shop_trees
Vaults:4: nicolae_vaults_big_angled_halls, hangedman_vaults_restitches,
          v_misc_26, v_pattern_1, nicolae_vaults_network_s,
          ontoclasm_vaults_shout, v_rooms_3, nicolae_vaults_little_ls,
          vaults_room_semicircle, nicolae_vaults_taking_the_gang_shopping,
          layout_vaults_omnibox, serial_shops, shop
Vaults:5: serial_shops
Crypt:1:  layout_gridlike, basic_altar, serial_sigils_hangedman_writhe,
          uniq_frederick
Crypt:2:  layout_rooms, lemuel_upstairs_altar, uniq_jory
Crypt:3:  due_elkab, layout_chaotic_city, library_closet

Skill      XL: |  1  2  3  4  5  6  7  8  9 10 11 12 13 14 15 16 17 18 19 20 21 22 |
---------------+-------------------------------------------------------------------+-----
Fighting       | 4 5 6 7 8 10 11 13 14 15 16 17 18 19 20 22 | 22.5
Maces & Flails | 3 4 5 6 7 9 10 11 12 13 14 15 16 17 | 17.7
Shields        | 4 6 7 8 10 | 10.0
Armour         | 4 5 6 7 8 9 10 11 12 13 14 15 16 | 16.8
Invocations    | 1 2 3 5 7 9 10 12 13 14 15 16 17 19 20 21 22 | 22.1
Dodging        | 1 4 5 6 |  6.3

Action                     |  1- 3 |  4- 6 |  7- 9 | 10-12 | 13-15 | 16-18 | 19-21 | 22-24 || total
---------------------------+-------+-------+-------+-------+-------+-------+-------+-------++-------
  Melee: Flail             |   121 |   281 |   297 |       |       |       |       |       ||   699
         Morningstar       |       |       |    67 |   688 |  1173 |   552 |  1727 |   282 ||  4489
  Throw: Throwing net      |       |       |     1 |       |       |       |       |       ||     1
 Invoke: Divine Shield     |       |       |       |     6 |     1 |       |     2 |     1 ||    10
         Cleansing Flame   |       |       |       |     4 |    14 |    22 |    64 |     9 ||   113
         Summon Divine War |       |       |       |       |     7 |     7 |    20 |     2 ||    36
  Evoke: Wand              |       |       |     5 |    28 |     3 |     3 |    18 |       ||    57
         Box of beasts     |       |       |       |       |       |       |     2 |       ||     2
         Lightning rod     |       |       |       |       |       |       |     4 |       ||     4
    Use: Potion            |       |     1 |     1 |     2 |       |     2 |     5 |       ||    11
         Scroll            |       |     5 |       |     4 |     4 |    11 |    13 |       ||    37
 Armour: Scale mail        |   104 |   108 |       |   338 |  1015 |   494 |  1582 |   230 ||  3871
         Chain mail        |       |    95 |   119 |       |       |       |       |       ||   214
         Pearl dragon scal |       |       |   237 |   177 |       |       |       |       ||   414
  Dodge: Dodged            |    76 |   126 |   180 |   199 |   480 |   229 |   639 |    91 ||  2020
  Block: Buckler           |    31 |    55 |    99 |    52 |       |       |       |       ||   237
         Kite shield       |       |       |       |   341 |   747 |   410 |  1234 |   211 ||  2943
